SAL
LEXINGTON LEGENDS @ GREENVILLE DRIVE
08/31/2099
 
TOP OF THE 1ST
Lexington Legends batting - Pitching for Greenville Drive : RHP Ricky Herrera
Pitching: RHP Ricky Herrera
Batting: RHB Emilio Rios 0-0: Ball
1-0: Ball
2-0: Called Strike
2-1: Ball
3-1: Foul Ball, location: 25FF
3-2: Base on Balls
Batting: SHB Jose Salinas 0-0: Ball
1-0: Foul Ball, location: 2F
1-1: Bunted foul
1-2: Ball
2-2: Fly out, F3 (Line Drive, 34, EV 73.1 MPH)
Lined into DP, U3 (Line Drive, 34, EV 73.1 MPH)
Batting: LHB Walt MacLean 0-0: Foul Ball, location: 7LMF
0-1: Foul Ball, location: 2F
0-2: Ball
1-2: Ball
2-2: Strikes out swinging
Top of the 1st over - 0 runs, 0 hits, 0 errors, 0 left on base; Lexington 0 - Greenville 0
BOTTOM OF THE 1ST
Greenville Drive batting - Pitching for Lexington Legends : RHP Matt Heidt
Pitching: RHP Matt Heidt
Batting: RHB Rich Bledsoe 0-0: Ball
1-0: SINGLE (Groundball, 15S, EV 62.5 MPH) (infield hit)
Batting: RHB Antonio Torres 0-0: DOUBLE (Line Drive, 9LM, EV 99.4 MPH)
Rich Bledsoe to third
Runner from 3rd tries for Home, SAFE, no throw by RF
Batting: RHB Frank Kravitz 0-0: Ball
Antonio Torres steals 3rd base (no throw)
1-0: Ball
2-0: Single, Error in OF, E7, batter to second base (Line Drive, 6D, EV 96.9 MPH)
Antonio Torres scores
Batting: RHB Justin Iraci 0-0: Ball
1-0: Ball
2-0: SINGLE (Line Drive, 7S, EV 87.5 MPH)
Frank Kravitz to third
Batting: RHB Josh Storlie 0-0: Called Strike
0-1: Ball
1-1: Called Strike
1-2: Ball
2-2: Foul Ball, location: 3F
2-2: Foul Ball, location: 5F
2-2: Fly out, F6 (Line Drive, 6, EV 65.6 MPH)
Batting: RHB Armani Brawner 0-0: Grounds into double play, 6-4-3 (Groundball, 6, EV 101.3 MPH)
Bottom of the 1st over - 2 runs, 4 hits, 1 error, 1 left on base; Lexington 0 - Greenville 2
TOP OF THE 2ND
Lexington Legends batting - Pitching for Greenville Drive : RHP Ricky Herrera
Batting: RHB Steve Sax 0-0: SINGLE (Groundball, 34D, EV 95.0 MPH)
Batting: RHB Cory Hanlon 0-0: Fly out, F8 (Flyball, 8LD, EV 95.6 MPH)
Batting: SHB Sergio Soltero 0-0: Ball
1-0: Ball
2-0: Ball
3-0: Base on Balls
Steve Sax to second
Batting: RHB Bill Krueger 0-0: Ball
1-0: Fly out, F9 (Flyball, 9LM, EV 90.0 MPH)
Batting: RHB Josh Lewis 0-0: Called Strike
0-1: Foul Ball, location: 2F
0-2: SINGLE (Line Drive, 4M, EV 65.6 MPH)
Steve Sax to third
Sergio Soltero to second
Runner from 3rd tries for Home, SAFE, throw by CF to home
Batting: LHB Alberto Gonzales 0-0: Ball
1-0: Ball
2-0: Called Strike
2-1: Called Strike
2-2: Foul Ball, location: 2F
2-2: Strikes out looking
Top of the 2nd over - 1 run, 2 hits, 0 errors, 2 left on base; Lexington 1 - Greenville 2
BOTTOM OF THE 2ND
Greenville Drive batting - Pitching for Lexington Legends : RHP Matt Heidt
Batting: RHB Tim Dean 0-0: Called Strike
0-1: Fly out, F8 (Line Drive, 8RD, EV 85.0 MPH)
Batting: RHB Brad McGuire 0-0: Ball
1-0: Swinging Strike
1-1: Swinging Strike
1-2: Foul Ball, location: 5F
1-2: Foul Ball, location: 2F
1-2: Strikes out swinging
Batting: RHB Tom Dudley 0-0: Ball
1-0: Ball
2-0: Foul Ball, location: 2F
2-1: SINGLE (Groundball, 6S, EV 65.0 MPH) (infield hit)
Batting: RHB Rich Bledsoe 0-0: Foul Ball, location: 9LDF
0-1: Ball
1-1: Swinging Strike
1-2: Ball
2-2: Foul Ball, location: 2F
2-2: SINGLE (Groundball, 56S, EV 71.3 MPH) (infield hit)
Tom Dudley to second
Batting: RHB Antonio Torres 0-0: Ball
1-0: SINGLE (Groundball, 4MD, EV 103.8 MPH)
Tom Dudley to third
Rich Bledsoe to second
Runner from 3rd tries for Home, SAFE, throw by CF to home
Batting: RHB Frank Kravitz 0-0: Foul Ball, location: 9LSF
0-1: Ball
1-1: Swinging Strike
1-2: Ball
2-2: Foul Ball, location: 25FF
2-2: Fielders Choice at 2nd, 6-4 (Groundball, 6, EV 108.1 MPH)
Bottom of the 2nd over - 1 run, 3 hits, 0 errors, 2 left on base; Lexington 1 - Greenville 3
TOP OF THE 3RD
Lexington Legends batting - Pitching for Greenville Drive : RHP Ricky Herrera
Batting: RHB Emilio Rios 0-0: Bunt missed!
0-1: Ball
1-1: Swinging Strike
1-2: Ball
2-2: Ground out 5-3 (Groundball, 56S, EV 78.1 MPH)
Batting: SHB Jose Salinas 0-0: Fly out, F7 (Flyball, 78D, EV 91.3 MPH)
Batting: LHB Walt MacLean 0-0: Called Strike
0-1: Called Strike
0-2: Ball
1-2: Ball
2-2: Ball
3-2: Foul Ball, location: 7LSF
3-2: Strikes out swinging, 2-3 out at first.
Top of the 3rd over - 0 runs, 0 hits, 0 errors, 0 left on base; Lexington 1 - Greenville 3
BOTTOM OF THE 3RD
Greenville Drive batting - Pitching for Lexington Legends : RHP Matt Heidt
Batting: RHB Justin Iraci 0-0: Ball
1-0: Ground out 5-3 (Groundball, 56S, EV 80.6 MPH)
Batting: RHB Josh Storlie 0-0: Ball
1-0: Ball
2-0: Called Strike
2-1: Foul Ball, location: 2F
2-2: Fly out, F9 (Flyball, 89S, EV 106.9 MPH)
Batting: RHB Armani Brawner 0-0: Ball
1-0: Fly out, F6 (Popup, 6M, EV 70.0 MPH)
Bottom of the 3rd over - 0 runs, 0 hits, 0 errors, 0 left on base; Lexington 1 - Greenville 3
TOP OF THE 4TH
Lexington Legends batting - Pitching for Greenville Drive : RHP Ricky Herrera
Batting: RHB Steve Sax 0-0: Foul Ball, location: 9LMF
0-1: Ball
1-1: Swinging Strike
1-2: Strikes out swinging
Batting: RHB Cory Hanlon 0-0: Ball
1-0: Foul Ball, location: 7LDF
1-1: Ball
2-1: Fly out, F8 (Line Drive, 8RM, EV 110.6 MPH)
Batting: SHB Sergio Soltero 0-0: Called Strike
0-1: Ball
1-1: Called Strike
1-2: Foul Ball, location: 2F
1-2: Strikes out looking
Top of the 4th over - 0 runs, 0 hits, 0 errors, 0 left on base; Lexington 1 - Greenville 3
BOTTOM OF THE 4TH
Greenville Drive batting - Pitching for Lexington Legends : RHP Matt Heidt
Batting: RHB Tim Dean 0-0: Ball
1-0: Ball
2-0: Called Strike
2-1: Called Strike
2-2: SINGLE (Line Drive, 34D, EV 101.9 MPH)
Batting: RHB Brad McGuire 0-0: Called Strike
0-1: Foul Ball, location: 2F
0-2: Ball
1-2: Strikes out swinging
Batting: RHB Tom Dudley 0-0: Ball
1-0: Called Strike
1-1: Grounds into double play, 4-6-3 (Groundball, 4, EV 110.6 MPH)
Bottom of the 4th over - 0 runs, 1 hit, 0 errors, 0 left on base; Lexington 1 - Greenville 3
TOP OF THE 5TH
Lexington Legends batting - Pitching for Greenville Drive : RHP Ricky Herrera
Batting: RHB Bill Krueger 0-0: Foul Ball, location: 3F
0-1: Called Strike
0-2: Ball
1-2: Ball
2-2: Foul Ball, location: 3FF
2-2: Fly out, F9 (Flyball, 9LD, EV 101.3 MPH)
Batting: RHB Josh Lewis 0-0: Called Strike
0-1: Ball
1-1: Ball
2-1: Ball
3-1: DOUBLE (Flyball, 9LD, EV 101.9 MPH)
Batting: LHB Alberto Gonzales 0-0: Swinging Strike
0-1: Swinging Strike
0-2: Strikes out swinging
Batting: RHB Emilio Rios 0-0: Called Strike
0-1: Called Strike
0-2: Ball
1-2: Ball
2-2: Foul Ball, location: 2LF
2-2: Strikes out swinging
Top of the 5th over - 0 runs, 1 hit, 0 errors, 1 left on base; Lexington 1 - Greenville 3
BOTTOM OF THE 5TH
Greenville Drive batting - Pitching for Lexington Legends : RHP Matt Heidt
Batting: RHB Rich Bledsoe 0-0: Ball
1-0: Ball
2-0: Called Strike
2-1: Called Strike
2-2: Strikes out swinging
Batting: RHB Antonio Torres 0-0: Fly out, F4 (Popup, 4M, EV 71.3 MPH)
Batting: RHB Frank Kravitz 0-0: Called Strike
0-1: Swinging Strike
0-2: SOLO HOME RUN (Flyball, 78XD, EV 98.8 MPH), Distance : 411 ft
Batting: RHB Justin Iraci 0-0: Ball
1-0: Ball
2-0: Foul Ball, location: 2F
2-1: Ball
3-1: Fly out, F3 (Popup, 3F, EV 65.6 MPH)
Bottom of the 5th over - 1 run, 1 hit, 0 errors, 0 left on base; Lexington 1 - Greenville 4
TOP OF THE 6TH
Lexington Legends batting - Pitching for Greenville Drive : RHP Ricky Herrera
Batting: SHB Jose Salinas 0-0: Ball
1-0: Foul Ball, location: 2F
1-1: Swinging Strike
1-2: Strikes out swinging
Batting: LHB Walt MacLean 0-0: Called Strike
0-1: Swinging Strike
0-2: Ball
1-2: Strikes out swinging
Batting: RHB Steve Sax 0-0: SINGLE (Groundball, 4MS, EV 61.9 MPH) (infield hit)
Pitching: RHP Randy Cron
Batting: RHB Cory Hanlon 0-0: Called Strike
0-1: Fielders Choice at 2nd, 5-4 (Groundball, 5, EV 93.8 MPH)
Top of the 6th over - 0 runs, 1 hit, 0 errors, 1 left on base; Lexington 1 - Greenville 4
BOTTOM OF THE 6TH
Greenville Drive batting - Pitching for Lexington Legends : RHP Matt Heidt
Batting: RHB Josh Storlie 0-0: Ball
1-0: Foul Ball, location: 2F
1-1: Called Strike
1-2: SINGLE (Flyball, 3D, EV 90.6 MPH)
Batting: RHB Armani Brawner 0-0: Called Strike
0-1: Ball
1-1: DOUBLE (Line Drive, 7LM, EV 104.4 MPH)
Josh Storlie to third
Batting: RHB Tim Dean 0-0: Intentional Walk
Batting: RHB Brad McGuire 0-0: Called Strike
0-1: Grounds into fielders choice 1-2 (Groundball, 13S, EV 70.6 MPH)
Armani Brawner to third
Tim Dean to second
Batting: RHB Tom Dudley 0-0: Called Strike
0-1: Ball
1-1: Called Strike
1-2: Foul Ball, location: 2F
1-2: Strikes out swinging
Batting: RHB Rich Bledsoe 0-0: Ball
1-0: Foul Ball, location: 9LDF
1-1: Swinging Strike
1-2: Ball
2-2: DOUBLE (Line Drive, 5D, EV 109.4 MPH)
Armani Brawner scores
Tim Dean scores
Brad McGuire to third
Pitching: RHP Ken Adorno
Batting: RHB Antonio Torres 0-0: Ball
1-0: Called Strike
1-1: Ball
2-1: Ball
3-1: Fly out, F8 (Flyball, 8RM, EV 83.1 MPH)
Bottom of the 6th over - 2 runs, 3 hits, 0 errors, 2 left on base; Lexington 1 - Greenville 6
TOP OF THE 7TH
Lexington Legends batting - Pitching for Greenville Drive : RHP Randy Cron
Batting: SHB Sergio Soltero 0-0: Ball
1-0: Swinging Strike
1-1: Fly out, F7 (Flyball, 7D, EV 105.6 MPH)
Batting: RHB Bill Krueger 0-0: Ball
1-0: Fly out, F8 (Flyball, 8RM, EV 97.5 MPH)
Batting: RHB Josh Lewis 0-0: Called Strike
0-1: Ball
1-1: Foul Ball, location: 3SF
1-2: Ball
2-2: Strikes out looking
Top of the 7th over - 0 runs, 0 hits, 0 errors, 0 left on base; Lexington 1 - Greenville 6
BOTTOM OF THE 7TH
Greenville Drive batting - Pitching for Lexington Legends : RHP Ken Adorno
Batting: RHB Frank Kravitz 0-0: Called Strike
0-1: Ball
1-1: Swinging Strike
1-2: Ball
2-2: SOLO HOME RUN (Flyball, 78XD, EV 103.1 MPH), Distance : 424 ft
Batting: RHB Justin Iraci 0-0: Ball
1-0: Ball
2-0: Fly out, F3 (Popup, 3F, EV 67.5 MPH)
Batting: RHB Josh Storlie 0-0: Foul Ball, location: 2F
0-1: Swinging Strike
0-2: Strikes out swinging
Batting: RHB Armani Brawner 0-0: Called Strike
0-1: Ball
1-1: Called Strike
1-2: Ground out U3 (Groundball, 34, EV 81.3 MPH)
Bottom of the 7th over - 1 run, 1 hit, 0 errors, 0 left on base; Lexington 1 - Greenville 7
TOP OF THE 8TH
Lexington Legends batting - Pitching for Greenville Drive : RHP Randy Cron
Batting: LHB Alberto Gonzales 0-0: Called Strike
0-1: Ball
1-1: Ball
2-1: Fly out, F8 (Flyball, 78S, EV 85.6 MPH)
Batting: RHB Emilio Rios 0-0: Foul Ball, location: 2LF
0-1: Ground out 5-3 (Groundball, 5L, EV 100.0 MPH)
Batting: SHB Jose Salinas 0-0: Called Strike
0-1: Fly out, F7 (Flyball, 7, EV 91.9 MPH)
Top of the 8th over - 0 runs, 0 hits, 0 errors, 0 left on base; Lexington 1 - Greenville 7
BOTTOM OF THE 8TH
Greenville Drive batting - Pitching for Lexington Legends : RHP Ken Adorno
Batting: RHB Tim Dean 0-0: Ball
1-0: Called Strike
1-1: Foul Ball, location: 23F
1-2: Strikes out looking
Batting: RHB Brad McGuire 0-0: Foul Ball, location: 7LMF
0-1: Called Strike
0-2: Foul Ball, location: 9LDF
0-2: Ground out 3-1 (Groundball, 34, EV 90.6 MPH)
Batting: RHB Tom Dudley 0-0: Called Strike
0-1: Swinging Strike
0-2: Ball
1-2: Strikes out swinging
Bottom of the 8th over - 0 runs, 0 hits, 0 errors, 0 left on base; Lexington 1 - Greenville 7
TOP OF THE 9TH
Lexington Legends batting - Pitching for Greenville Drive : RHP Randy Cron
Batting: LHB Walt MacLean 0-0: Fly out, F9 (Flyball, 9D, EV 95.0 MPH)
Batting: RHB Steve Sax 0-0: Ball
1-0: Foul Ball, location: 3F
1-1: Ball
2-1: Ground out U3 (Groundball, 3, EV 85.0 MPH)
Batting: RHB Cory Hanlon 0-0: Called Strike
0-1: Called Strike
0-2: Ball
1-2: Fly out, F8 (Flyball, 8RD, EV 108.8 MPH)
Top of the 9th over - 0 runs, 0 hits, 0 errors, 0 left on base; Lexington 1 - Greenville 7
Thursday, May 16th , 2024 - OOTP Baseball 24.11 Build 85